 Dungeon Crawl Stone Soup version 0.27.1-1-g398f81649c (webtiles) character file.

Game seed: 12066839255589856606

2 eagelman13509 the Firebug (level 1, -1/20 HPs)
             Began as a Gnoll Wanderer on Sept 17, 2021.
             Slain by a hobgoblin (3 damage)
             ... on level 1 of the Dungeon on Sept 18, 2021.
             The game lasted 00:04:12 (37 turns).

eagelman13509 the Firebug (Gnoll Wanderer)            Turns: 37, Time: 00:04:12

Health: -1/20      AC:  5    Str:  9    XL:     1   Next: 30%
Magic:  0/1        EV:  9    Int: 13    God:
Gold:   0          SH:  4    Dex: 11    Spells: 0/0 levels left

rFire    . . .     SeeInvis .   a - +0 dagger
rCold    . . .     Faith    .   b - +0 buckler
rNeg     . . .     Spirit   .   c - +0 ring mail
rPois    .         Reflect  .   (no helmet)
rElec    .         Harm     .   (no cloak)
rCorr    .         Rampage  .   (no gloves)
Will     .....                  (no boots)
Stlth    +.........             (no amulet)
HPRegen  0.06/turn              (no ring)
MPRegen  0.07/turn              (no ring)

@: no status effects
A: fangs 1, strong nose, distributed training
a: no special abilities


You were on level 1 of the Dungeon.
You visited 1 branch of the dungeon, and saw 1 of its levels.

Inventory:

Hand Weapons
 a - a +0 dagger (weapon)
Armour
 b - a +0 buckler (worn)
 c - a +0 ring mail (worn)


   Skills:
 + Level 4.4 Fighting
 + Level 0.0 Short Blades
 + Level 0.0 Long Blades
 + Level 0.0 Axes
 + Level 2.3 Maces & Flails
 + Level 0.0 Polearms
 + Level 0.0 Staves
 + Level 0.0 Slings
 + Level 0.0 Bows
 + Level 0.0 Crossbows
 + Level 2.3 Throwing
 + Level 0.0 Armour
 + Level 0.0 Dodging
 + Level 0.0 Stealth
 + Level 2.3 Shields
 + Level 0.0 Unarmed Combat
 + Level 0.0 Spellcasting
 + Level 0.0 Conjurations
 + Level 0.0 Hexes
 + Level 0.0 Summonings
 + Level 0.0 Necromancy
 + Level 0.0 Translocations
 + Level 0.0 Transmutations
 + Level 7.0 Fire Magic
 + Level 0.0 Ice Magic
 + Level 0.0 Air Magic
 + Level 1.9 Earth Magic
 + Level 0.0 Poison Magic
 + Level 0.1 Invocations
 + Level 0.0 Evocations


You couldn't memorise any spells.
You knew the following spells:

 Your Spells              Type           Power      Damage    Failure   Level
a - Foxfire               Conj/Fire      36%        2x1d5     26%         1

Your spell library contained the following spells:

 Spells                   Type           Power      Damage    Failure   Level
 Conjure Flame            Conj/Fire      9%         6-21      61%         3
 Inner Flame              Hex/Fire       9%         N/A       61%         3
 Sticky Flame             Conj/Fire      9%         2d3       95%         4
 Fireball                 Conj/Fire      4%         3d4       100%        5


Dungeon Overview and Level Annotations

Branches:
Dungeon (1/15)

Altars:


Innate Abilities, Weirdness & Mutations

You have very sharp teeth.
Your uncanny sense of smell can sniff out nearby items.
Your experience applies equally to all skills.


Message History

The kobold hits you with a +0 short sword.
Your shield and ring mail prevent you from hitting the hobgoblin.
Your bite misses the hobgoblin.
The hobgoblin is severely wounded.
The jackal closely misses you.
The hobgoblin hits you but does no damage.
The jackal bites you. The kobold closely misses you.
You hit the hobgoblin but do no damage.
The hobgoblin is severely wounded.
The jackal barely misses you. You block the hobgoblin's attack.
The kobold hits you but does no damage.
You hit the hobgoblin but do no damage.
The hobgoblin is severely wounded.
You block the jackal's attack. The hobgoblin barely misses you.
The jackal misses you.
The kobold hits you with a +0 short sword.
You barely miss the hobgoblin.
The hobgoblin is severely wounded.
The jackal bites you but does no damage.
The hobgoblin hits you.
The kobold hits you with a +0 short sword.
* * * LOW HITPOINT WARNING * * *
Your magical contamination has completely faded away.
You hit the hobgoblin.
The hobgoblin is almost dead.
The jackal bites you.
* * * LOW HITPOINT WARNING * * *
The hobgoblin hits you but does no damage.
The kobold misses you. The jackal bites you.
* * * LOW HITPOINT WARNING * * *
The jackal closely misses you.
You hit the jackal.
The jackal is lightly wounded.
The jackal misses you.
Casting: Foxfire (safe; 26% risk of failure)
Confirm with . or Enter, or press ? or * to list all spells.
You conjure some foxfire!
The jackal bites you.
* * * LOW HITPOINT WARNING * * *
The hobgoblin hits you.
You die...

....#....############.##
........................
.............P.........
....#...#.#.....P.....##
..........♣♣........♣.^#
.........♣P♣....P....♣..
......v.g.....P...P.....
......v@hK..†...........
...#..#.#....P.....P....
#......P♣....<....♣.♣
........♣..P.....P.P..
........♣..............
..........P.♣.P...P.....
....#...........P...♣.P.
...#....#....♣♣P.P♣PP.#
##♣♣. .♣.......


You could see a jackal (ally target), a hobgoblin and a kobold.

Vanquished Creatures
  A jackal (D:1)
  A ball python (D:1)
2 creatures vanquished.

Vanquished Creatures (others)
  2 foxfires (D:1)
2 creatures vanquished.

Grand Total: 4 creatures vanquished

Notes
Turn   | Place    | Note
-------+----------+-------------------------------------------
     0 | D:1      | eagelman13509 the Gnoll Wanderer began the quest for the
                  | Orb.
     0 | D:1      | eagelman13509 set off with the following items: a +0
                  | dagger, a +0 buckler, a +0 ring mail; and the following
                  | spell memorised: Foxfire; and the following spells
                  | available to memorise: Conjure Flame, Inner Flame, Sticky
                  | Flame, Fireball
     0 | D:1      | Reached XP level 1. HP: 20/20 MP: 1/1
    37 | D:1      | Slain by a hobgoblin

Illustrated notes

Levels and vault maps discovered:
D:1:      wander_arrival_fairy_ring, layout_basic

Action                   || total
-------------------------++-------
Melee: Dagger            ||    16
 Cast: Foxfire           ||     2
Armor: Ring mail         ||    10
Dodge: Dodged            ||    18
Block: Buckler           ||     8
